Map: Winter's Gate LE

Players

Tangela - Winner!

  • Race: Protoss Protoss
  • League: Diamond
  • Spawn Location: 5:00

Mez

  • Race: Terran Terran
  • League: Master
  • Spawn Location: 11:00

VOD

Have the link to the VOD?

Description

Time

  • Played on: Aug. 23, 2019, 7:45 p.m.
  • Length: 12:59
Show
View Real Time Build Order
Export as new Build Order

Tangela Protoss - Winner!

Build Orders: 1 Gate Expand, Dark Templar Rush 

Get SALT Encoding   

  12  0:01  Probe  
  13  0:13  Probe  
  14  0:18  Pylon  
  14  0:25  Probe  
  15  0:33  Probe  
  15  0:41  Probe  
  15  0:42  Gateway  
  16  0:47  Assimilator  
  17  0:52  Probe  
  18  1:06  Probe  
  19  1:19  Nexus  
  19  1:29  Cybernetics Core  
  19  1:31  Probe  
  20  1:38  Pylon  
  20  1:43  Assimilator  
  20  1:46  Probe  
  21  1:57  Adept  
  21  1:59  Probe  
  24  2:09  Warp Gate  
  24  2:11  Probe  
  25  2:23  Probe  
  25  2:27  Stalker  
  28  2:32  Probe  
  29  2:38  Probe  
  29  2:42  Twilight Council  
  30  2:44  Probe  
  30  2:50  Probe  
  32  2:56  Robotics Facility  
  32  2:57  Probe  
  33  3:01  Pylon  
  33  3:06  Probe  
  34  3:13  Probe  
  35  3:22  Probe  
  34  3:28  Dark Shrine  
  34  3:29  Probe  
  34  3:32  Probe  
  35  3:34  Warp Prism  
  35  3:35  Gateway  
  35  3:36  Gateway  
  35  3:37  Probe  
  39  3:51  Probe x2  
  39  3:55  Assimilator  
  41  3:57  Pylon  
  41  4:00  Charge, Stalker  
  43  4:03  Probe  
  44  4:13  Probe  
  44  4:16  Probe  
  46  4:19  Pylon  
  46  4:22  Shield Battery  
  46  4:25  Probe  
  46  4:28  Probe  
  48  4:35  Assimilator  
  48  4:37  Probe  
  49  4:40  Probe, Dark Templar x3  
  56  4:51  Probe  
  57  4:56  Probe  
  54  5:16  Probe  
  54  5:21  Probe  
  52  5:32  Zealot, Robotics Bay  
  52  5:33  Zealot x2  
  52  5:34  Pylon  
  58  5:38  Probe  
  58  5:42  Probe  
  60  5:43  Nexus  
  60  5:44  Pylon  
  60  5:45  Observer  
  61  5:50  Probe  
  61  5:51  Pylon  
  61  5:54  Pylon, Probe  
  61  5:56  Blink  
  63  5:57  Gateway  
  63  5:58  Gateway  
  63  5:59  Zealot x3  
  63  6:00  Gateway  
  63  6:03  Colossus  
  69  6:08  Probe  
  69  6:11  Forge  
  70  6:15  Probe  
  77  6:26  Dark Templar  
  77  6:30  Zealot x2  
  77  6:32  Probe  
  84  6:39  Protoss Ground Weapons Level 1  
  84  6:42  Colossus, Pylon  
  84  6:53  Photon Cannon  
  84  6:56  Probe  
  84  6:57  Probe x2  
  84  7:01  Stalker  
  95  7:02  Sentry  
  97  7:16  Assimilator  
  97  7:18  Stalker x3  
  97  7:20  Assimilator  
  103  7:23  Pylon, Dark Templar  
  105  7:31  Warp Prism  
  105  7:33  Gateway  
  99  7:41  Zealot x3  
  105  7:51  Stalker x2  
  109  8:17  Zealot x3  
  109  8:18  Zealot x3  
  121  8:21  Probe x2  
  121  8:22  Probe  
  124  8:33  Probe  
  124  8:34  Probe x2  
  127  8:38  Templar Archives  
  127  8:40  Pylon  
  127  8:42  Nexus  
  127  8:44  Pylon  
  127  8:47  Protoss Ground Armor Level 1  
  127  8:50  Probe  
  127  8:52  Stalker x3  
  127  8:53  Stalker x3  
  133  9:00  Probe x2  
  133  9:02  Probe  
  136  9:12  Gateway  
  136  9:14  Gateway  
  136  9:17  Photon Cannon  
  136  9:18  Photon Cannon  
  132  9:28  Stalker x5  
  142  9:45  Zealot  
  144  9:49  Immortal  
  148  9:53  Pylon  
  148  9:55  Pylon  
  148  9:56  Stalker x2  
  148  9:57  Stalker x3  
  158  10:05  Probe x2  
  158  10:06  Pylon  
  160  10:13  Dark Templar x3  
  166  10:31  Zealot x5  
  164  10:55  Zealot x7  
  164  10:56  Zealot  
  178  11:02  Probe x2  
  180  11:09  Photon Cannon  
  138  11:20  Zealot x8  
  148  11:26  Warp Prism  
  113  12:10  Immortal, Stalker  
  113  12:11  Stalker x6  
  113  12:12  Stalker  
  115  12:33  Probe  
  110  12:41  Stalker x2  
  110  12:42  Stalker x6  
Show
View Real Time Build Order
Export as new Build Order

Mez Terran 

Build Orders:  

Get SALT Encoding   

  12  0:01  SCV  
  13  0:13  SCV  
  14  0:17  Supply Depot  
  14  0:25  SCV  
  15  0:39  SCV  
  15  0:40  Barracks  
  16  0:51  SCV  
  17  1:03  SCV  
  18  1:15  Command Center  
  18  1:18  SCV  
  19  1:28  Marine  
  19  1:30  Orbital Command  
  20  1:37  Supply Depot  
  20  1:47  Marine  
  21  1:59  SCV  
  22  2:05  Bunker, Marine  
  23  2:11  SCV  
  24  2:19  Command Center  
  24  2:24  Marine  
  24  2:28  Orbital Command  
  24  2:29  SCV  
  26  2:38  Refinery  
  26  2:39  Refinery  
  26  2:42  SCV  
  26  2:43  Marine  
  28  2:53  Barracks  
  28  2:54  SCV x2  
  30  3:06  SCV x2  
  30  3:09  Barracks Tech Lab, Barracks  
  32  3:18  SCV x2  
  33  3:28  Stimpack  
  33  3:30  SCV x2, Marine  
  33  3:32  Orbital Command  
  36  3:41  Barracks Reactor  
  36  3:42  SCV x2  
  38  3:49  Engineering Bay  
  38  3:52  Marine  
  38  3:54  SCV x2  
  41  3:57  Barracks Tech Lab  
  41  3:58  SCV  
  42  4:06  Factory  
  42  4:11  Barracks, SCV x3  
  42  4:12  Barracks  
  42  4:15  Marine  
  46  4:18  Marine x2  
  46  4:19  Marine  
  46  4:20  Terran Infantry Weapons Level 1  
  49  4:27  SCV x3  
  52  4:37  Combat Shield  
  52  4:39  Supply Depot, SCV x3  
  52  4:40  Supply Depot  
  52  4:42  Marine x2  
  52  4:43  Marine x2  
  59  4:46  Refinery  
  59  4:47  Refinery  
  59  4:52  SCV x2  
  61  5:00  SCV  
  61  5:04  SCV  
  50  5:16  Missile Turret  
  50  5:23  Marine x4  
  50  5:24  Marine x2  
  50  5:25  Missile Turret  
  56  5:29  Factory Reactor  
  56  5:32  Starport  
  56  5:42  Concussive Shells  
  56  5:43  SCV x3  
  56  5:45  Marine  
  60  5:51  Marine x3  
  60  5:55  SCV x2  
  60  5:56  SCV  
  66  5:59  Supply Depot, Marine  
  67  6:07  SCV  
  67  6:08  SCV  
  69  6:11  Orbital Command  
  69  6:17  Supply Depot  
  69  6:19  Supply Depot  
  69  6:22  Barracks Tech Lab, Barracks Reactor  
  69  6:23  Medivac x2, Factory Reactor  
  73  6:27  Terran Infantry Armor Level 1  
  73  6:32  SCV x2  
  75  6:38  SCV  
  76  6:44  SCV x2  
  78  6:50  Supply Depot, SCV  
  78  6:52  Medivac  
  78  6:53  Marauder, Medivac  
  85  6:56  SCV  
  90  7:01  Marauder x2  
  90  7:07  Marine x3  
  90  7:08  Marine  
  94  7:10  Widow Mine x2  
  94  7:14  Marauder  
  94  7:15  Armory  
  100  7:16  Engineering Bay  
  100  7:22  SCV x3  
  103  7:24  Ghost Academy, Missile Turret  
  103  7:30  Supply Depot  
  102  7:38  Marauder x3, Marine x3  
  109  7:51  Viking, Marine  
  109  7:52  Viking  
  109  7:56  Marine x2  
  116  8:03  Supply Depot  
  116  8:07  Marauder x3  
  116  8:09  Supply Depot x2, SCV x3  
  125  8:19  Supply Depot x2  
  125  8:21  SCV  
  125  8:25  Marine x2  
  125  8:26  Viking x2  
  132  8:29  Marauder x2  
  132  8:30  Starport, Enhanced Shockwaves  
  132  8:33  Marine x2  
  132  8:34  Marauder  
  140  8:35  SCV  
  140  8:40  Refinery  
  141  8:42  Refinery  
  141  8:44  SCV x2  
  141  8:47  SCV  
  142  9:00  Ghost x3  
  142  9:01  Marine x3  
  142  9:02  Viking, Marine  
  150  9:08  Supply Depot  
  152  9:15  Barracks x2  
  152  9:17  Barracks  
  152  9:27  Marine x2  
  152  9:28  Marine x2  
  156  9:33  Viking  
  156  9:34  Viking x3  
  156  9:37  Marauder x3  
  170  9:48  Command Center  
  170  9:59  Marauder  
  172  10:03  Viking  
  174  10:08  Barracks Tech Lab x3, Marauder x2  
  174  10:09  Marine x3  
  181  10:20  Marauder, Viking x2, Marine  
  188  10:22  Supply Depot  
  188  10:24  Viking  
  182  10:31  Supply Depot  
  178  10:37  Viking  
  180  10:48  Marauder x6, Marine x2  
  174  10:50  Viking  
  174  10:53  Viking  
  174  10:54  Viking  
  180  11:09  Liberator x4  
  157  11:23  Marauder x3, Marine x5  
  135  11:26  Widow Mine  
  133  11:44  Ghost, Marine x4  
  138  11:47  Widow Mine  
  138  11:52  Liberator  
  133  12:01  Marine x5  
  116  12:02  Marine x4  
  94  12:12  Marine  
  80  12:19  Marine  
  80  12:22  Marine x8  
  74  12:30  Marine  
  74  12:36  Marine  
  64  12:40  Marine  
Tags
 
Add a new tag
Caveats
  • Supply blocks, unpowered buildings, or Contaminate may cause inaccurate times.
  • Supply counts are checked every 10 seconds.